 Dungeon Crawl Stone Soup version 0.23-a0-494-g91793a9 (webtiles) character file.

105 Leeroy the Charmwright (level 4, 0/38 HPs)
             Began as a Gnoll Skald on Dec 4, 2018.
             Succumbed to an adder's poison
             ... on level 3 of the Dungeon.
             The game lasted 00:05:57 (1458 turns).

Leeroy the Charmwright (Gnoll Skald)                Turns: 1458, Time: 00:05:58

Health: 0/38       AC: 10    Str: 15    XL:     4   Next: 83%
Magic:  8/11       EV:  8    Int: 15    God:
Gold:   166        SH:  0    Dex: 14    Spells: 2/13 levels left

rFire    . . .     SeeInvis .   a - +0 falchion
rCold    . . .     Gourm    .   (no shield)
rNeg     . . .     Faith    .   q - +0 chain mail
rPois    .         Spirit   .   (no helmet)
rElec    .         Reflect  .   (no cloak)
rCorr    .         Harm     .   (no gloves)
MR       .....                  f - +0 pair of boots
Stlth    ..........             (no amulet)
HPRegen  0.12/turn              (no ring)
MPRegen  0.12/turn              (no ring)

@: lethally poisoned (0 -> -3), very slightly contaminated
A: distributed training, fangs 1, strong nose
a: no special abilities


You were on level 3 of the Dungeon.
You were not hungry.

You visited 1 branch of the dungeon, and saw 3 of its levels.

You collected 166 gold pieces.

Inventory:

Hand Weapons
 a - a +0 falchion (weapon)
 c - a +0 spear
 k - a +0 dagger
 n - a +0 spear of piercing
 r - a cursed -1 dagger
 w - a +2 dagger of freezing
 y - a +0 spear
Missiles
 e - 150 stones (quivered)
 l - 55 arrows
Armour
 b - a +0 leather armour
 f - a +0 pair of boots (worn)
 i - a +0 ring mail
 q - a +0 chain mail (worn)
Jewellery
 h - an uncursed amulet of magic regeneration {unknown}
 u - an uncursed ring of protection from magic {unknown}
Scrolls
 j - 2 scrolls of teleportation
 m - a scroll of enchant weapon {unknown}
 t - a scroll of remove curse {unknown}
 z - 2 scrolls of identify {unknown}
 A - a scroll of immolation {unknown}
 B - a scroll of blinking {unknown}
 D - a scroll of enchant armour {unknown}
Potions
 g - a potion of mutation {unknown}
 o - a potion of berserk rage {unknown}
 p - a potion of brilliance {unknown}
 s - 2 potions of lignification {unknown}
 v - a potion of heal wounds {unknown}
 x - 2 potions of curing {unknown}
Comestibles
 d - 2 rations
 C - 2 chunks of flesh


   Skills:
 + Level 4.7 Fighting
 + Level 1.2 Short Blades
 + Level 4.7 Long Blades
 + Level 1.2 Axes
 + Level 1.2 Maces & Flails
 + Level 1.2 Polearms
 + Level 1.2 Staves
 + Level 1.2 Slings
 + Level 1.2 Bows
 + Level 1.2 Crossbows
 + Level 1.2 Throwing
 + Level 2.8 Armour
 + Level 4.7 Dodging
 + Level 1.2 Stealth
 + Level 1.2 Shields
 + Level 1.2 Unarmed Combat
 + Level 5.1 Spellcasting
 + Level 1.0 Conjurations
 + Level 1.0 Hexes
 + Level 5.5 Charms
 + Level 1.0 Summonings
 + Level 1.0 Necromancy
 + Level 1.0 Translocations
 + Level 1.0 Transmutations
 + Level 1.0 Fire Magic
 + Level 1.0 Ice Magic
 + Level 1.0 Air Magic
 + Level 1.0 Earth Magic
 + Level 1.0 Poison Magic
 + Level 1.3 Invocations
 + Level 1.2 Evocations


You had 2 spell levels left.
You knew the following spells:

 Your Spells              Type           Power        Failure   Level  Hunger
a - Infusion              Chrm           ###.         34%         1    None
b - Song of Slaying       Chrm           ###.....     45%         2    ##.....
c - Shroud of Golubria    Chrm/Tloc      ##........   78%         2    ##.....
d - Regeneration          Chrm/Necr      ##........   95%         3    ###....
e - Spectral Weapon       Hex/Chrm       ##......     95%         3    ###....

Your spell library contained the following spells:

 Spells                   Type           Power        Failure   Level  Hunger


Dungeon Overview and Level Annotations

Branches:
Dungeon (3/15)

Altars:
Cheibriados


Innate Abilities, Weirdness & Mutations

Your experience applies equally to all skills.
You have very sharp teeth.
Your uncanny sense of smell can sniff out nearby items.


Message History

Okay, then.
There are no objects that can be picked up here. an adder corpse You butcher the adder corpse.
C - 2 chunks of flesh (gained 1)
You see here an adder skeleton.
You feel sick.
Cast which spell? (? or * to list)
The spell is very dangerous to cast (95% risk of failure)!
Continue anyway?
Uppercase [Y]es or [N]o only, please.
The spell is very dangerous to cast (95% risk of failure)!
Continue anyway?
You miscast Regeneration.
You are very lightly contaminated with residual magic.
Something reaches out for you...
Press: ? - help, v - describe, . - travel
Here: a soul eater (summoned)
The floor.
The soul eater draws from the surrounding life force!
* * * LOW HITPOINT WARNING * * *
You die...

### # #.. .### #.# ...
#.# .. ..# ##.###....
###3# ........<. #...#
##.###..# #÷### #.# #.#
∆ #÷# #..##. #@# #.#
#..##.# #.# ##.#
#.....# #.# ...#
#..##.# #.# .###
#..##.# #.# .# #..##.#
#[#
.#####..##.#####.######
........##............#
.#####.............##.#


There were no monsters in sight!

Vanquished Creatures
  5 adders
  An ooze (D:2)
  A worm (D:2)
  6 dart slugs
  A leopard gecko (D:2)
  2 giant cockroaches (D:1)
  3 goblins (D:1)
  3 hobgoblins
  3 jackals (D:2)
  A quokka (D:3)
  A ball python (D:2)
  4 bats
  3 frilled lizards
  4 kobolds
  8 rats
46 creatures vanquished.

Notes
Turn   | Place    | Note
-------+----------+-------------------------------------------
     0 | D:1      | Leeroy the Gnoll Skald began the quest for the Orb.
     0 | D:1      | Reached XP level 1. HP: 20/20 MP: 6/6
    88 | D:1      | Reached XP level 2. HP: 19/26 MP: 7/7
   124 | D:1      | Learned a level 2 spell: Song of Slaying
   127 | D:1      | Learned a level 2 spell: Shroud of Golubria
   421 | D:1      | Reached XP level 3. HP: 28/31 MP: 9/9
   435 | D:1      | Reached skill level 5 in Spellcasting
   652 | D:2      | Reached skill level 1 in Invocations
   664 | D:2      | Learned a level 3 spell: Regeneration
   669 | D:2      | Learned a level 3 spell: Spectral Weapon
   792 | D:2      | Reached skill level 1 in Short Blades
   792 | D:2      | Reached skill level 1 in Axes
   792 | D:2      | Reached skill level 1 in Maces & Flails
   792 | D:2      | Reached skill level 1 in Polearms
   792 | D:2      | Reached skill level 1 in Staves
   792 | D:2      | Reached skill level 1 in Slings
   792 | D:2      | Reached skill level 1 in Bows
   792 | D:2      | Reached skill level 1 in Crossbows
   792 | D:2      | Reached skill level 1 in Throwing
   792 | D:2      | Reached skill level 1 in Stealth
   792 | D:2      | Reached skill level 1 in Shields
   792 | D:2      | Reached skill level 1 in Unarmed Combat
   792 | D:2      | Reached skill level 1 in Evocations
   792 | D:2      | Reached XP level 4. HP: 19/38 MP: 11/11
  1103 | D:2      | Found a snail-covered altar of Cheibriados.
  1416 | D:3      | Reached skill level 1 in Conjurations
  1416 | D:3      | Reached skill level 1 in Hexes
  1416 | D:3      | Reached skill level 1 in Summonings
  1416 | D:3      | Reached skill level 1 in Necromancy
  1416 | D:3      | Reached skill level 1 in Translocations
  1416 | D:3      | Reached skill level 1 in Transmutations
  1416 | D:3      | Reached skill level 1 in Fire Magic
  1416 | D:3      | Reached skill level 1 in Ice Magic
  1416 | D:3      | Reached skill level 1 in Air Magic
  1416 | D:3      | Reached skill level 1 in Earth Magic
  1416 | D:3      | Reached skill level 1 in Poison Magic
  1456 | D:3      | Noticed a soul eater
  1457 | D:3      | HP: 1/38 [soul eater/drain life[miscasting Regeneration]
                  | (15)]
  1458 | D:3      | Succumbed to an adder's poison

Vault maps used:
D:1:      matt_arrival_grand_opening
D:2:      minmay_door_path, kennysheep_slug_shrine
D:3:      vehumet_crystals, feat_on_display

Skill      XL: |  1  2  3  4 |
---------------+-------------+-----
Spellcasting   | 5 |  5.1
Invocations    | 1 |  1.3
Short Blades   | 1 |  1.2
Axes           | 1 |  1.2
Maces & Flails | 1 |  1.2
Polearms       | 1 |  1.2
Staves         | 1 |  1.2
Slings         | 1 |  1.2
Bows           | 1 |  1.2
Crossbows      | 1 |  1.2
Throwing       | 1 |  1.2
Stealth        | 1 |  1.2
Shields        | 1 |  1.2
Unarmed Combat | 1 |  1.2
Evocations     | 1 |  1.2
Conjurations   | 1 |  1.0
Hexes          | 1 |  1.0
Summonings     | 1 |  1.0
Necromancy     | 1 |  1.0
Translocations | 1 |  1.0
Transmutations | 1 |  1.0
Fire Magic     | 1 |  1.0
Ice Magic      | 1 |  1.0
Air Magic      | 1 |  1.0
Earth Magic    | 1 |  1.0
Poison Magic   | 1 |  1.0
Fighting       | |  4.7
Long Blades    | |  4.7
Armour         | |  2.8
Dodging        | |  4.7
Charms         | |  5.5

Action                   |  1- 3 |  4- 6 || total
-------------------------+-------+-------++-------
Melee: Falchion          |    82 |    88 ||   170
       Bite              |     8 |    11 ||    19
       Punch             |       |     1 ||     1
  Use: Scroll            |     1 |       ||     1
  Eat: Chunk             |       |     2 ||     2
Armor: Leather armour    |    12 |       ||    12
       Chain mail        |    54 |    53 ||   107
Dodge: Dodged            |    61 |    30 ||    91
       Rpst.: Falchion   |    19 |     9 ||    28

Table legend:
 A = Non-vault XP
 B = Vault XP
 C = Vault XP percentage of total XP
 D = Non-vault monster count
 E = Vault monster count
 F = Vault count percentage of total count
                 A         B        C        D         E       F
            +---------+---------+-------+---------+---------+-------
      Total |     133 |      18 |  11.9 |      43 |       3 |   6.5
            +---------+---------+-------+---------+---------+-------
        D:1 |      39 |       0 |   0.0 |      22 |       0 |   0.0
        D:2 |      64 |      18 |  22.0 |      17 |       3 |  15.0
        D:3 |      30 |       0 |   0.0 |       4 |       0 |   0.0
            +---------+---------+-------+---------+---------+-------
